 Dungeon Crawl Stone Soup version 0.16-a0-3458-g6d2551d (webtiles) character file.

6559 NewYearsCrawler the Blocker (level 11, 0/75 HPs)
             Began as a Formicid Fighter on Jan 1, 2015.
             Was an Elder of Okawaru.
             Killed from afar by a minotaur (8 damage)
             ... with a wand of draining
             ... in a labyrinth on Jan 2, 2015.
             The game lasted 00:37:27 (12299 turns).

NewYearsCrawler the Blocker (Formicid Fighter)     Turns: 12299, Time: 00:37:27

Health: 0/75       AC: 16    Str: 23    XL:     11   Next: 20%
Magic:  13/13      EV:  7    Int:  9    God:    Okawaru [****..]
Gold:   530        SH: 20    Dex:  8    Spells: 0 memorised, 10 levels left

rFire  . . .     SeeInvis +     a - +1 war axe
rCold  . . .     Clarity  .     e - +0 plate armour
rNeg   . . .     SustAb   .     h - +0 large shield
rPois  +         Gourm    .     (helmet unavailable)
rElec  .         Spirit   .     D - +2 cloak
rCorr  .         Warding  .     (no gloves)
rMut   .         Stasis   +     u - +0 pair of boots
MR     +....                    (no amulet)
Stlth  ..........               (no ring)
                                (no ring)

@: heroism, heavily drained, somewhat resistant to hostile enchantments,
extremely unstealthy
A: permanent stasis, dig shafts and tunnels, four strong arms, antennae 3,
talons 2, clumsy 1, low mp 1, poison resistance, screaming 1, evolution 1
a: Dig, Shaft Self, Heroism, Renounce Religion


You were in a labyrinth.
You worshipped Okawaru.
Okawaru was greatly pleased with you.
You were not hungry.

You visited 1 branch of the dungeon, and saw 11 of its levels.
You also visited: Labyrinth and Ossuary.

You collected 530 gold pieces.

Inventory:

Hand weapons
 a - a +1 war axe (weapon)
Missiles
 g - 6 javelins (quivered)
Armour
 e - a +0 plate armour (worn)
 h - a +0 large shield (worn)
 u - a +0 pair of boots (worn)
 D - a +2 cloak (worn)
Jewellery
 c - an uncursed amulet of guardian spirit
 n - an uncursed ring of flight
 p - an uncursed amulet of resist mutation
 F - a cursed ring of fire
Magical devices
 y - a wand of paralysis (11)
 A - a wand of heal wounds (5)
 B - a wand of slowing (20)
 C - a wand of disintegration (4)
Scrolls
 i - 2 scrolls of random uselessness
 j - 3 scrolls of enchant weapon
 m - 5 scrolls of recharging
 o - 3 scrolls of identify
 r - 3 scrolls of amnesia
 I - a scroll of fog
Potions
 f - 3 potions of restore abilities
 q - 3 potions of agility
 s - 4 potions of curing
 z - a potion of magic
Books
 t - a book of Minor Magic

   Spells                             Type                      Level
   a - Magic Dart                     Conjuration                  1
   b - Blink                          Translocation                2
   c - Call Imp                       Summoning                    2
   d - Repel Missiles                 Charms/Air                   2
   e - Slow                           Hexes                        2
   f - Conjure Flame                  Conjuration/Fire             3
   g - Mephitic Cloud                 Conjuration/Poison/Air       3
 v - the Handbook of Execration and the Voyage
   (You found it on level 7 of the Dungeon)

   Spells                             Type                      Level
   a - Spectral Weapon                Hexes/Charms                 3
   b - Inner Flame                    Hexes/Fire                   3
   c - Portal Projectile              Translocation                3
   d - Silence                        Hexes/Air                    5
   e - Gell's Gravitas                Hexes/Translocation          6
 w - a book of Death

   Spells                             Type                      Level
   a - Corpse Rot                     Necromancy                   2
   b - Sublimation of Blood           Necromancy                   2
   c - Agony                          Necromancy                   5
   d - Dispel Undead                  Necromancy                   5
   e - Excruciating Wounds            Charms/Necromancy            5
   f - Bolt of Draining               Conjuration/Necromancy       5
Comestibles
 b - a royal jelly
 d - 7 bread rations
 k - 4 meat rations
 x - 2 beef jerkies


   Skills:
 - Level 3.2(5.1) Fighting
 + Level 11.5(12.7) Axes
 - Level 3.2(5.1) Armour
 + Level 13.7(14.7) Shields


You had 10 spell levels left.
You didn't know any spells.

Dungeon Overview and Level Annotations

Branches:
Dungeon (11/15)            Temple (0/1) D:5            Lair (0/8) D:8
    Orc: D:9-12

Altars:
Ashenzari
Cheibriados
Fedhas
Gozag
Kikubaaqudgha
Nemelex Xobeh
Okawaru
Sif Muna
Xom
The Shining One

Shops:
D:8 =   D:10 =


Innate Abilities, Weirdness & Mutations

You are under a permanent stasis effect.
You can dig through walls and to a lower floor.
Your four strong arms can wield two-handed weapons with a shield.
You have a pair of large antennae on your head (SInv).
You have razor-sharp toenails.
You are clumsy. (Dex -2)
Your magical capacity is low (-10% MP).
Your system is resistant to poisons.
You occasionally shout uncontrollably at your foes.
You evolve.


Message History

You block the minotaur's attack.
You slash the minotaur!
The minotaur is lightly wounded.
The minotaur hits you with a trident of venom!!
* * * LOW HITPOINT WARNING * * *
You block the minotaur's attack.
Read which item? (? for menu, Esc to quit)
Okay, then.
You slash the minotaur!
The minotaur is moderately wounded.
You block the minotaur's attack.
The minotaur gores you but does no damage.
Drink which item? (? for menu, Esc to quit)
Okay, then.
The minotaur zaps a wand.
The bolt of negative energy hits you!
You feel drained.
* * * LOW HITPOINT WARNING * * *
The minotaur zaps a wand.
The bolt of negative energy hits you!
You feel drained.
You die...

## ## # . . ..
#.# ###.# ##
#... .# . # .
. . .... # .
.######### .#
#.#..#.......#
# .#.## ##. #
#@# ..#. . #.#
#.# # # # # ##
.#.# #H# # #
#.. .. #.#
#.#.# # #
.#H###.# # #
...#...H.# . #
.####### # ##
.... . . . .
.# ## # #. # #
# #


You could see a minotaur.

Vanquished Creatures
  The ghost of NewYearsCrawler the Chopper, an average FoFi of Okawaru (D:4)
  A two-headed ogre (D:6)
  A hungry ghost (D:7)
  2 deep elf magi (D:9)
  A wraith (D:10)
  A spriggan (D:7)
  A hippogriff (D:11)
  A soldier ant (D:11)
  2 wargs (D:8)
  2 orc warriors
  A black bear (D:9)
  3 ice beasts
  2 yellow wasps
  A phantom (D:6)
  A water moccasin (D:8)
  3 sky beasts
  3 centaurs
  5 ogres
  2 big kobolds
  10 giant frogs
  A wyvern zombie (Ossuary)
  A water moccasin skeleton (D:5)
  3 scorpions
  3 killer bees
  10 bog bodies (Ossuary)
  2 crimson imps (D:5)
  4 goliath beetles
  8 hounds
  3 orc priests
  2 giant frog skeletons
  4 giant frog zombies
  2 jellies
  Crazy Yiuf (D:5)
  4 iguanas
  4 orc wizards
  8 worker ants
  A killer bee zombie (Ossuary)
  2 hound zombies (Ossuary)
  Terence (D:3)
  5 mummies (Ossuary)
  2 worker ant zombies
  A hound skeleton (D:7)
  Robin (D:2)
  12 adders
  4 gnolls (D:5)
  3 shadow imps
  A worm (D:2)
  3 adder zombies
  An adder skeleton (D:4)
  5 giant geckos
  An ooze (D:4)
  14 orcs
  2 bat skeletons
  4 bat zombies (Ossuary)
  21 goblins
  18 hobgoblins
  2 ball python zombies (D:6)
  20 bats
  3 giant cockroaches
  A giant cockroach zombie (D:6)
  A giant gecko zombie (Ossuary)
  4 giant newts
  A giant spore (D:8)
  8 jackals
  A jackal skeleton (D:4)
  21 kobolds
  5 quokkas
  A quokka skeleton (D:7)
  20 rats
  6 ballistomycetes
  2 bushes (D:2)
302 creatures vanquished.

Vanquished Creatures (others)
  2 giant spores
2 creatures vanquished.

Grand Total: 304 creatures vanquished

Notes
Turn   | Place    | Note
--------------------------------------------------------------
     0 | D:1      | NewYearsCrawler, the Formicid Fighter, began the quest for the Orb.
     0 | D:1      | Reached XP level 1. HP: 18/18 MP: 1/1
    84 | D:1      | Reached XP level 2. HP: 21/24 MP: 3/3
   237 | D:1      | Reached skill level 4 in Shields
   573 | D:1      | Reached XP level 3. HP: 29/29 MP: 4/4
   863 | D:2      | Found a blossoming altar of Fedhas.
   991 | D:2      | Found an iron altar of Okawaru.
  1019 | D:2      | Became a worshipper of Warmaster Okawaru
  1055 | D:2      | Noticed Robin
  1226 | D:2      | Killed Robin
  1226 | D:2      | Reached skill level 5 in Shields
  1226 | D:2      | Reached XP level 4. HP: 30/35 MP: 5/5
  1815 | D:2      | Found a glowing golden altar of the Shining One.
  2323 | D:2      | Reached XP level 5. HP: 37/41 MP: 7/7
  2575 | D:2      | Gained mutation: Your muscles are strong. (Str +2) [potion of mutation]
  2575 | D:2      | Gained mutation: You can breathe flames. [potion of mutation]
  2575 | D:2      | Gained mutation: Your flesh is heat resistant. [potion of mutation]
  2729 | D:3      | Noticed Terence
  2734 | D:3      | Killed Terence
  2967 | D:3      | Reached skill level 6 in Shields
  2967 | D:3      | Reached XP level 6. HP: 34/47 MP: 8/8
  3386 | D:4      | Noticed an ice beast
  3421 | D:4      | Killed an ice beast
  3421 | D:4      | Acquired Okawaru's first power
  3421 | D:4      | Reached skill level 7 in Shields
  3648 | D:4      | Reached XP level 7. HP: 52/52 MP: 9/9
  4000 | D:4      | Noticed NewYearsCrawler's ghost (average FoFi)
  4046 | D:4      | Killed NewYearsCrawler's ghost
  4046 | D:4      | Reached skill level 5 in Axes
  4319 | D:5      | Entered Level 5 of the Dungeon
  4329 | D:5      | Found a shattered altar of Ashenzari.
  4388 | D:5      | Reached skill level 8 in Shields
  4390 | D:5      | Reached XP level 8. HP: 54/58 MP: 11/11
  4442 | D:5      | Found a staircase to the Ecumenical Temple.
  4459 | D:5      | Found an opulent altar of Gozag.
  4611 | D:5      | Gained mutation: You are resistant to hostile enchantments. [potion of beneficial mutation]
  4907 | D:5      | Found an ancient bone altar of Kikubaaqudgha.
  4988 | D:5      | Reached skill level 9 in Shields
  5390 | D:5      | Noticed Crazy Yiuf
  5395 | D:5      | Killed Crazy Yiuf
  5516 | D:6      | Found a shimmering altar of Xom.
  5658 | D:6      | Reached XP level 9. HP: 57/64 MP: 12/12
  5784 | D:6      | Noticed a two-headed ogre
  5801 | D:6      | Killed a two-headed ogre
  5928 | D:6      | Reached skill level 10 in Shields
  6354 | D:6      | Found a shimmering altar of Xom.
  6354 | D:6      | Found a snail-covered altar of Cheibriados.
  6607 | D:7      | Lost mutation: You are resistant to hostile enchantments. [potion of cure mutation]
  6607 | D:7      | Lost mutation: You can breathe flames. [potion of cure mutation]
  6607 | D:7      | Lost mutation: Your flesh is heat resistant. [potion of cure mutation]
  6607 | D:7      | Lost mutation: Your muscles are strong. (Str +2) [potion of cure mutation]
  6970 | D:7      | Found a sand-covered staircase.
  6976 | Ossuary  | Entered an ossuary
  6999 | Ossuary  | Reached skill level 11 in Shields
  7186 | Ossuary  | Reached XP level 10. HP: 60/70 MP: 13/13
  7609 | D:7      | Gained mutation: You evolve. [potion of beneficial mutation]
  7622 | D:7      | Identified a scroll of acquirement
  8092 | D:7      | Reached skill level 10 in Axes
  8306 | D:7      | Gained mutation: You are clumsy. (Dex -2) [evolution]
  8315 | D:7      | Reached skill level 12 in Shields
  8860 | D:7      | Identified the Handbook of Execration and the Voyage
  8871 | D:7      | Found a glowing golden altar of the Shining One.
  8956 | D:8      | Found Ulaonaec's Jewellery Emporium.
  9355 | D:8      | Gained mutation: You occasionally shout uncontrollably at your foes. [evolution]
  9461 | D:8      | Found a staircase to the Lair.
 10418 | D:9      | Found a sparkling altar of Nemelex Xobeh.
 10418 | D:9      | Found a deep blue altar of Sif Muna.
 10551 | D:9      | Reached skill level 13 in Shields
 10935 | D:9      | Reached XP level 11. HP: 75/75 MP: 15/15
 11074 | D:10     | Entered Level 10 of the Dungeon
 11099 | D:10     | Gained mutation: Your system is resistant to poisons. [potion of mutation]
 11614 | D:10     | Gained mutation: You have sharp toenails. [potion of mutation]
 11614 | D:10     | Gained mutation: Your magical capacity is low (-10% MP). [potion of mutation]
 11614 | D:10     | Gained mutation: You have razor-sharp toenails. [potion of mutation]
 11747 | D:10     | Found Kluofawk's Jewellery Emporium.
 12015 | D:11     | Found a labyrinth entrance.
 12027 | Lab      | Entered a labyrinth
 12281 | Lab      | Noticed a minotaur
 12299 | Lab      | Killed from afar by a minotaur

Action                   |  1- 3 |  4- 6 |  7- 9 | 10-12 || total
-------------------------+-------+-------+-------+-------++-------
Melee: War axe           |   115 |   280 |   383 |   516 ||  1294
Throw: Javelin           |       |       |       |     7 ||     7
Invok: Heroism           |       |       |       |     3 ||     3
 Abil: Dig               |       |       |     1 |     8 ||     9
  Use: Potion            |       |     6 |    10 |    12 ||    28
       Scroll            |       |     1 |     3 |    16 ||    20
  Eat: Chunk             |     1 |     9 |     8 |    15 ||    33
       Bread ration      |       |       |     1 |     2 ||     3
